Map: Frozen Temple

Players

EatsRainbows - Winner!

  • Race: Protoss Protoss
  • League: Gold

MrFlapperszz

  • Race: Zerg Zerg
  • League: Gold

VOD

Have the link to the VOD?

Description

Time

  • Played on: May 6, 2016, 10:44 p.m.
  • Length: 18:58
Show
View Real Time Build Order
Export as new Build Order

EatsRainbows Protoss - Winner!

Build Orders: 1 Gate Expand 

Get SALT Encoding   

  12  0:02  Probe (Chrono Boost)  
  13  0:12  Probe (Chrono Boost)  
  14  0:19  Pylon  
  14  0:24  Probe (Chrono Boost)  
  15  0:37  Probe (Chrono Boost)  
  15  0:38  Gateway  
  16  0:47  Probe (Chrono Boost)  
  17  0:51  Assimilator  
  17  0:58  Probe (Chrono Boost)  
  18  1:08  Probe (Chrono Boost)  
  19  1:19  Probe (Chrono Boost)  
  19  1:23  Assimilator  
  20  1:31  Nexus  
  21  1:43  Cybernetics Core  
  20  1:52  Assimilator  
  20  1:57  Probe (Chrono Boost)  
  21  2:07  Pylon  
  21  2:17  Probe (Chrono Boost)  
  21  2:21  Warp Gate  
  22  2:25  Adept  
  22  2:28  Mothership Core (Chrono Boost)  
  26  2:52  Probe (Chrono Boost)  
  26  2:53  Probe (Chrono Boost), Robotics Facility  
  28  3:08  Robotics Facility  
  28  3:14  Probe x2 (Chrono Boost)  
  30  3:27  Twilight Council  
  30  3:29  Probe (Chrono Boost)  
  30  3:30  Probe (Chrono Boost)  
  32  3:41  Forge  
  32  3:43  Observer  
  32  3:44  Probe x2 (Chrono Boost)  
  36  3:55  Observer  
  36  3:57  Probe x2 (Chrono Boost)  
  36  4:01  Assimilator  
  38  4:05  Resonating Glaives (Chrono Boost)  
  38  4:06  Probe  
  38  4:07  Probe  
  40  4:16  Probe  
  40  4:17  Assimilator  
  40  4:19  Probe  
  40  4:20  Pylon  
  42  4:27  Protoss Ground Weapons Level 1  
  42  4:33  Pylon  
  42  4:45  Probe  
  42  4:46  Probe  
  42  4:51  Pylon  
  44  4:52  Adept  
  44  5:13  Immortal  
  48  5:14  Pylon  
  48  5:15  Pylon  
  48  5:16  Adept, Pylon  
  50  5:22  Photon Cannon  
  50  5:25  Probe  
  50  5:26  Photon Cannon  
  51  5:36  Gateway  
  51  5:39  Sentry  
  53  5:52  Immortal  
  57  5:57  Robotics Bay  
  57  5:59  Probe  
  57  6:01  Probe  
  59  6:04  Adept  
  59  6:11  Probe  
  61  6:13  Probe  
  63  6:21  Probe  
  63  6:25  Probe  
  65  6:29  Gateway  
  65  6:32  Probe, Observer  
  66  6:37  Stalker, Probe  
  70  6:42  Probe, Protoss Ground Weapons Level 2  
  71  6:49  Probe, Disruptor  
  71  6:51  Stalker  
  77  7:00  Templar Archives  
  77  7:09  Stalker  
  77  7:12  Disruptor  
  82  7:17  Nexus  
  82  7:19  Pylon  
  82  7:21  Adept, Pylon  
  84  7:34  Adept  
  84  7:36  Psionic Storm  
  86  7:37  Disruptor  
  89  7:54  Stalker  
  89  7:55  Stalker  
  92  8:15  Blink (Chrono Boost)  
  91  8:27  Adept x2  
  80  8:51  Observer  
  80  8:52  Stalker x2  
  76  9:01  Probe  
  76  9:02  Probe  
  76  9:03  Probe  
  76  9:05  Stalker x2  
  83  9:11  Protoss Ground Weapons Level 3  
  83  9:12  Probe  
  83  9:13  Probe  
  83  9:15  Probe  
  86  9:22  Probe  
  86  9:23  Probe  
  87  9:24  Gateway  
  87  9:27  Probe  
  87  9:28  Pylon  
  87  9:30  Stalker x2  
  93  9:31  Gateway  
  93  9:32  Pylon  
  93  9:33  Gateway, Probe  
  93  9:34  Probe  
  93  9:35  Gateway, Assimilator  
  93  9:38  Disruptor x2  
  101  9:46  Gateway  
  101  9:47  Gateway  
  101  9:48  Pylon  
  101  9:57  Pylon  
  101  10:00  Charge (Chrono Boost), Pylon  
  101  10:04  Photon Cannon  
  101  10:08  Stalker x2  
  101  10:09  Stalker  
  101  10:13  Disruptor x2  
  112  10:38  Stalker x3  
  118  10:49  Disruptor, Assimilator  
  121  10:50  High Templar  
  123  11:07  Stalker x3  
  123  11:08  Stalker x3  
  135  11:18  Observer  
  122  12:04  Stalker x5  
  122  12:05  Stalker x2  
  136  12:15  Disruptor  
  139  12:25  Disruptor  
  139  12:33  High Templar x2  
  139  13:11  Disruptor  
  141  13:16  Disruptor  
  133  13:31  Stalker  
  133  13:32  Stalker x3  
  141  13:38  Gateway  
  141  13:44  Gateway  
  141  13:53  Disruptor  
  124  14:11  Archon  
  124  14:15  Adept x2  
  124  14:16  Adept x5  
  134  14:42  Adept x2  
  134  14:43  Adept x3  
  140  14:52  Nexus  
  140  14:54  Pylon  
  140  14:55  Pylon  
  140  14:58  Pylon  
  138  15:09  Stalker  
  138  15:13  Immortal x2  
  143  15:34  Adept x3  
  143  15:35  Adept x4  
  155  15:52  Immortal x2  
  155  15:55  Stalker  
  165  16:04  Pylon  
  165  16:05  Mothership Core  
  165  16:06  Pylon  
  165  16:07  Probe  
  165  16:08  Pylon  
  168  16:30  Assimilator  
  168  16:31  Immortal x2  
  172  16:39  High Templar x4  
  180  16:43  Archon x2  
  180  16:49  Protoss Shields Level 1  
  180  16:52  Assimilator  
  180  16:55  Probe  
  180  16:57  Probe  
  182  17:10  Observer x2  
  170  17:37  High Templar x2  
  174  18:05  Stalker x2  
  174  18:06  Stalker x3  
Show
View Real Time Build Order
Export as new Build Order

MrFlapperszz Zerg 

Build Orders: Hatch First, Lurkers 

Get SALT Encoding   

  12  0:02  Drone  
  13  0:14  Overlord  
  13  0:20  Drone  
  14  0:33  Drone x2  
  16  0:36  Drone  
  17  0:55  Hatchery  
  16  0:59  Drone  
  16  1:02  Drone  
  18  1:13  Spawning Pool  
  18  1:17  Drone  
  18  1:44  Hatchery  
  17  1:48  Drone x3  
  17  1:51  Extractor  
  19  2:00  Overlord  
  19  2:10  Queen  
  21  2:16  Queen  
  23  2:35  Drone x2  
  25  2:44  Drone x2  
  25  2:45  Drone  
  25  2:46  Queen  
  30  2:52  Overlord  
  30  2:58  Metabolic Boost  
  30  3:05  Queen  
  30  3:08  Drone  
  30  3:10  Drone  
  34  3:13  Drone  
  34  3:16  Drone  
  34  3:18  Drone  
  37  3:27  Drone x3  
  37  3:31  Overlord  
  40  3:36  Drone x2  
  40  3:38  Zergling x2  
  40  3:40  Zergling x2  
  44  3:42  Zergling x2  
  45  3:52  Evolution Chamber  
  44  3:57  Drone x6  
  44  4:01  Extractor  
  49  4:06  Overlord  
  49  4:07  Zergling x2  
  49  4:08  Zergling x4  
  52  4:18  Drone x3  
  52  4:19  Extractor  
  54  4:24  Zerg Missile Weapons Level 1  
  54  4:27  Lair  
  54  4:35  Roach Warren  
  54  4:36  Spore Crawler  
  52  4:40  Drone, Spore Crawler  
  52  4:41  Drone x2  
  54  4:48  Overlord  
  54  4:54  Zergling x2  
  54  4:55  Zergling x10  
  59  5:11  Drone  
  60  5:17  Overlord  
  60  5:18  Drone x9  
  69  5:29  Overseer  
  69  5:33  Glial Reconstitution  
  69  5:42  Drone x7  
  76  5:43  Overlord  
  76  5:46  Hydralisk Den  
  75  6:11  Roach x7  
  77  6:13  Overlord x2  
  89  6:31  Lurker Den  
  89  6:34  Overlord x2  
  89  6:37  Zerg Ground Armor Level 1  
  89  6:46  Extractor x2, Hydralisk x4  
  95  6:49  Roach x4  
  103  7:05  Drone x2  
  103  7:06  Overlord x2  
  103  7:07  Hydralisk x6  
  117  7:14  Zergling x2  
  118  7:16  Roach  
  118  7:20  Overseer x2  
  120  7:25  Overlord  
  120  7:27  Roach  
  120  7:28  Roach x3  
  128  7:46  Overlord  
  128  7:47  Roach x3  
  128  7:48  Roach x5  
  144  8:05  Lurker  
  145  8:06  Lurker x2  
  145  8:10  Overlord  
  147  8:17  Overlord  
  147  8:24  Hatchery  
  76  8:52  Roach  
  76  8:53  Roach x14  
  76  8:54  Hydralisk x3  
  108  9:16  Hydralisk x3  
  108  9:17  Hydralisk x3  
  120  9:26  Roach x3  
  120  9:31  Zerg Missile Weapons Level 2  
  126  9:39  Evolution Chamber  
  126  9:41  Drone x4  
  126  9:45  Roach x2  
  133  9:46  Roach  
  133  9:49  Lurker  
  133  9:50  Lurker x2  
  138  10:06  Roach  
  154  10:07  Roach x9  
  154  10:11  Hatchery  
  157  10:15  Infestation Pit  
  157  10:16  Drone x4  
  160  10:57  Hive  
  160  10:58  Zerg Ground Armor Level 2  
  160  11:00  Drone x8  
  160  11:02  Overlord  
  160  11:03  Extractor  
  154  11:48  Hydralisk x8  
  154  11:49  Hydralisk x2  
  154  11:50  Roach  
  154  11:51  Roach x3  
  154  11:52  Overlord x2  
  180  12:02  Roach  
  180  12:04  Overlord x2  
  182  12:09  Zerg Missile Weapons Level 3  
  178  12:16  Roach  
  178  12:17  Roach x8  
  168  12:33  Hydralisk  
  168  12:34  Hydralisk x4  
  168  12:36  Lurker x2  
  174  12:59  Overlord  
  174  13:00  Roach  
  174  13:01  Roach x7  
  168  13:29  Roach x11  
  168  13:33  Lurker  
  178  13:34  Lurker x2  
  149  14:11  Hydralisk  
  149  14:12  Hydralisk x11  
  173  14:36  Zergling x8  
  173  14:37  Zergling x8  
  181  14:46  Lurker x5  
  181  14:51  Zergling x8  
  165  15:37  Roach x5  
  165  15:38  Roach x7  
  165  15:41  Zerg Ground Armor Level 3  
  189  15:53  Extractor  
  188  16:31  Roach x7  
  188  16:32  Roach x4, Overlord  
  200  16:45  Zergling x2  
  200  16:46  Zergling x2  
  200  16:54  Overseer  
  193  17:36  Zergling x2  
  196  17:37  Zergling x12  
Tags
 
Add a new tag
Caveats
  • Supply blocks, unpowered buildings, or Contaminate may cause inaccurate times.
  • Supply counts are checked every 10 seconds.